 Dungeon Crawl Stone Soup version 0.32-a0-638-g83232ee (webtiles) character file.

Game seed: 16908618960362382479

105938 Dorkslayer the Severer (level 16, -1/123 HPs)
             Began as a Human Fighter on Mar 6, 2024.
             Was an Initiate of Gozag.
             Killed from afar by a white draconian (29 damage)
             ... with a blast of cold
             ... in an ice cave on Mar 7, 2024.
             The game lasted 01:27:38 (24895 turns).

Dorkslayer the Severer (Human Fighter)             Turns: 24895, Time: 01:27:39

Health: -1/123     AC: 26    Str: 24    XL:     16   Next: 42%
Magic:  20/20      EV:  9    Int: 12    God:    Gozag
Gold:   1791       SH: 21    Dex: 14    Spells: 15/15 levels left

rFire   . . .        v - +6 war axe (flame)
rCold   . . .        h - +4 kite shield
rNeg    . . .        T - +0 plate armour
rPois   +            y - +1 helmet {SInv}
rElec   .            L - +0 cloak
rCorr   .            i - +1 pair of gloves of the Moon {Int+4 Stlth+}
SInv    +            J - +0 pair of boots
Will    ++...        Q - amulet of reflection Stlth
                     Y - +4 ring of protection
HPRegen 0.40/turn    o - ring of poison resistance
MPRegen 0.17/turn

%: reflection
@: enlightened, flying
A: explore regen
a: Renounce Religion, Potion Petition, Call Merchant, Bribe Branch


You were in an ice cave.
You worshipped Gozag.
Gozag was most pleased with you.
You visited 5 branches of the dungeon, and saw 24 of its levels.
You also visited: Ice Cave.

You collected 7909 gold pieces.
You spent 5887 gold pieces at shops.
You donated 11 gold pieces to Zin.
You paid 220 gold pieces to Gozag.

Inventory:

Hand Weapons
 a - a +0 war axe of flaming
 v - a +6 war axe of flaming (weapon)
 D - a +3 trident
 I - a +5 morningstar of freezing
 N - a +5 heavy trident
Missiles
 c - 8 javelins
 s - 4 silver javelins
 t - 3 throwing nets
 A - 17 boomerangs (quivered)
 H - 3 curare-tipped darts
Armour
 h - a +4 kite shield (worn)
 i - the +1 pair of gloves of the Moon (worn) {Int+4 Stlth+}
   (You found it on level 4 of the Lair of Beasts)

   Int+4:     It affects your intelligence (+4).
   Stlth+:    It makes you more stealthy.
 y - a +1 helmet of see invisible (worn)
 J - a +0 pair of boots (worn)
 L - a +0 cloak (worn)
 T - a +0 plate armour (worn)
Jewellery
 o - a ring of poison resistance (right hand)
 r - a ring of positive energy
 E - a ring of willpower
 Q - an amulet of reflection (around neck)
 Y - a +4 ring of protection (left hand)
Wands
 d - a wand of light (1)
 g - a wand of paralysis (13)
 B - a wand of flame (8)
 C - a wand of polymorph (16)
 K - a wand of mindburst (3)
 M - a wand of digging (3)
Scrolls
 f - 5 scrolls of identify
 n - 3 scrolls of fog
 p - 3 scrolls of blinking
 q - a scroll of enchant armour
 u - 6 scrolls of teleportation
 w - 3 scrolls of fear
 z - 5 scrolls of revelation
 G - 2 scrolls of poison
 O - 3 scrolls of brand weapon
 R - 4 scrolls of immolation
 W - a scroll of summoning
Potions
 e - 2 potions of attraction
 j - 3 potions of brilliance
 l - a potion of cancellation
 m - 3 potions of enlightenment
 x - 5 potions of curing
 S - a potion of magic
 V - a potion of mutation
Miscellaneous
 b - a phial of floods (inert)
 k - a phantom mirror


   Skills:
 + Level 10.3 Fighting
 + Level 17.0 Axes
 + Level 3.4 Throwing
 + Level 9.7 Armour
 + Level 8.4 Dodging
 + Level 3.5 Stealth
 + Level 12.1 Shields
 - Level 6.0 Invocations
 * Level 11.8 Evocations


You had 15 spell levels left.
You didn't know any spells.
Your spell library contained the following spells:

 Spells                   Type           Power      Damage    Failure   Level
 Sting                    Conj/Alch      0%         1d3       99%         1
 Call Imp                 Summ           0%         N/A       100%        2
 Mercury Vapours          Alch/Air       0%         N/A       100%        2
 Scorch                   Fire           0%         2d5       100%        2
 Sublimation of Blood     Necr           0%         N/A       100%        2
 Gell's Gravitas          Tloc           0%         N/A       100%        3
 Teleport Other           Tloc           0%         N/A       100%        3
 Flame Wave               Conj/Fire      0%         2d4       100%        4
 Ignite Poison            Fire/Alch      0%         N/A       100%        4
 Olgreb's Toxic Radiance  Alch           0%         N/A       100%        4
 Summon Blazeheart Golem  Fire/Summ      0%         N/A       100%        4
 Borgnjor's Vile Clutch   Necr/Erth      0%         N/A       100%        5
 Fireball                 Conj/Fire      0%         3d3       100%        5
 Lee's Rapid Deconstruct  Erth           0%         3d4*      100%        5
 Summon Forest            Summ/Tloc      0%         N/A       100%        5
 Death Channel            Necr           0%         N/A       100%        6
 Dispersal                Tloc           0%         N/A       100%        6
 Eringya's Noxious Bog    Alch           0%         4d6       100%        6
 Starburst                Conj/Fire      0%         6d3       100%        6
 Summon Cactus Giant      Summ           0%         N/A       100%        6
 Orb of Destruction       Conj           0%         9d5       100%        7
 Spellforged Servitor     Conj/Summ      0%         N/A       100%        7
 Summon Hydra             Summ           0%         N/A       100%        7
 Chain Lightning          Conj/Air       0%         N/A       100%        9
 Animate Dead             Necr           Unusable   N/A       N/A         4

Dungeon Overview and Level Annotations

Branches:
Dungeon (15/15)            Temple (1/1) D:4            Lair (5/5) D:8
 Shoals (1/4) Lair:3       Spider (0/4) Lair:3        Slime (0/5) Lair:5
    Orc (2/2) D:12            Elf (0/3) Orc:2        Vaults (0/5) D:13
 Depths (0/4) D:15          IceCv (1/1)

Altars:
Ashenzari
Cheibriados
Dithmenos
Elyvilon
Fedhas
Gozag
Hepliaklqana
Kikubaaqudgha
Makhleb
Nemelex Xobeh
Okawaru
Qazlal
Ru
Sif Muna
Trog
Uskayaw
Vehumet
Wu Jian
Xom
Yredelemnul
Zin
The Shining One
Jiyva

Shops:
D:6 [   D:7 :   D:8 *   Orc:1 *=   Orc:2 [?(*!:*!=*

Portals:
Hell: Lair:5


Innate Abilities, Weirdness & Mutations

You regain HP and MP as you explore.


Message History

Okay, then.
You are confused.
You feel invigorated. The white draconian misses you.
The white draconian hits you with a +0 halberd of freezing!
* * * LOW HITPOINT WARNING * * *
The white draconian freezes you.
* * * LOW HITPOINT WARNING * * *
You hit the white draconian but do no damage.
The white draconian is moderately wounded.
The white draconian completely misses you.
You bump into the ice covered rock wall.
The white draconian hits you with a +0 halberd of freezing!
* * * LOW HITPOINT WARNING * * *
The white draconian freezes you.
* * * LOW HITPOINT WARNING * * *
You slash the white draconian! You burn the white draconian.
The white draconian is heavily wounded.
You closely miss the white draconian.
The white draconian is heavily wounded.
The white draconian hits you with a +0 halberd of freezing!
* * * LOW HITPOINT WARNING * * *
The white draconian freezes you.
* * * LOW HITPOINT WARNING * * *
You bump into the ice covered rock wall.
The white draconian hits you with a +0 halberd of freezing!
* * * LOW HITPOINT WARNING * * *
The white draconian freezes you.
* * * LOW HITPOINT WARNING * * *
You slash the white draconian! You burn the white draconian.
The white draconian is heavily wounded.
You feel less invigorated.
You feel less confused. You block the white draconian's attack.
You feel better. The white draconian misses you.
You closely miss the white draconian.
The white draconian is heavily wounded.
The white draconian breathes frost at you.
The blast of cold hits you!!
You die...
Your body crumbles into a pile of gold.

... .... #### .....
##..###### #.....
##....##..## ###......
#..........###........
#.∩.∩.......#.........
#.......##..$$##......
##....#####@d## .....
##..## #### .... ####
... .. .


You could see a white draconian (catching breath).

Vanquished Creatures
  Gastronok (Orc:1)
  A stone giant (D:15)
  A dire elephant (Lair:5)
  A white draconian (IceCv)
  The ghost of Xaciphiso the Basher, a journeyman GrFi of the Shining One (Lair:4)
  Harold (Orc:1)
  2 catoblepae
  10 hydras
  The ghost of tlatlagkaus the Skirmisher, a journeyman CoHu of Zin (Orc:1)
  3 two-headed ogres
  The ghost of december12 the Fighter, a novice BaAr of Makhleb (D:8)
  2 tengu warriors
  5 centaur warriors
  5 boulder beetles
  2 orc high priests (Orc:2)
  14 death yaks
  Urug (Orc:1)
  A hell knight (D:13)
  Amaemon (Lair:1)
  A skyshark (Lair:5)
  3 skeletal warriors (D:14)
  A sixfirhy (Lair:5)
  A deep troll (D:15)
  A sea snake (Shoals:1)
  A phantasmal warrior (D:13)
  An arcanist (Lair:5)
  6 lindwurms
  An orc knight (Orc:1)
  6 orc sorcerers (Orc:2)
  A deep elf pyromancer (D:14)
  6 manticores
  17 ugly things
  Maurice (D:8)
  A merfolk siren (Shoals:1)
  A black mamba (shapeshifter) (D:13)
  13 elephants
  4 cyclopes
  3 torpor snails
  5 black mambas
  A gargoyle (D:10)
  2 orange demons
  14 cane toads
  2 storm dragon simulacra (IceCv)
  A yaktaur (D:13)
  2 kobold demonologists (D:11)
  13 komodo dragons
  4 rime drakes
  A freezing wraith (D:14)
  2 tengu conjurers (D:15)
  3 ice devils (Lair:5)
  2 golden dragon simulacra (IceCv)
  2 red devils (Lair:5)
  A troll (shapeshifter) (D:15)
  5 trolls
  A hellwing (Lair:5)
  2 polar bears (Lair:5)
  8 blink frogs
  A wind drake (Lair:3)
  23 slime creatures
  A centaur simulacrum (D:15)
  A jumping spider (Lair:3)
  3 wyverns
  A spriggan (shapeshifter) (D:13)
  A shadow (D:11)
  2 vampires (D:14)
  47 yaks
  4 steam dragons
  A warg (Orc:2)
  7 basilisks
  A redback simulacrum (D:15)
  10 vampire mosquitoes
  2 redbacks (Lair:3)
  2 acid dragons
  14 water moccasins
  3 hell hounds (Lair:5)
  3 ice beasts
  A sky beast (D:8)
  2 black bears
  19 orc warriors
  An ice dragon simulacrum (IceCv)
  7 ogres
  A boggart (D:13)
  15 wolves
  18 centaurs
  4 kobold brigands
  5 scorpions
  16 bullfrogs
  3 gnoll sergeants
  12 wights
  A lindwurm simulacrum (IceCv)
  16 killer bees
  An electric eel (D:9)
  3 howler monkeys (D:7)
  A bombardier beetle (D:5)
  A hound (D:5)
  A centaur zombie (D:8)
  20 orc priests
  6 jellies
  2 gnoll boudas
  2 sleepcaps
  Jessica (D:3)
  Ijyb (D:5)
  4 iguanas
  39 orc wizards
  A killer bee zombie (D:8)
  Robin (D:5)
  24 gnolls
  6 adders
  3 white imps
  2 dart slugs
  A ribbon worm (D:5)
  73 orcs
  4 bats
  10 endoplasms
  17 goblins
  10 hobgoblins
  3 jackals (D:5)
  5 quokkas
  5 ball pythons
  A frilled lizard (D:3)
  16 kobolds
  8 rats
714 creatures vanquished.

Vanquished Creatures (others)
  A gnoll (D:7)
1 creature vanquished.

Grand Total: 715 creatures vanquished

Notes
Turn   | Place    | Note
-------+----------+-------------------------------------------
     0 | D:1      | Dorkslayer the Human Fighter began the quest for the Orb.
     0 | D:1      | Reached XP level 1. HP: 18/18 MP: 1/1
   217 | D:1      | Reached XP level 2. HP: 23/24 MP: 2/2
  1032 | D:2      | Reached XP level 3. HP: 29/29 MP: 3/3
  1246 | D:2      | Reached skill level 1 in Dodging
  1467 | D:3      | Noticed Jessica
  1467 | D:3      | Found a stormy altar of Qazlal.
  1480 | D:3      | Killed Jessica
  1481 | D:3      | Reached XP level 4. HP: 18/35 MP: 4/4
  1531 | D:3      | Reached skill level 3 in Axes
  1880 | D:3      | Reached XP level 5. HP: 41/41 MP: 5/5
  1952 | D:3      | Found a glowing silver altar of Zin.
  1967 | D:3      | Became a worshipper of Zin the Law-Giver
  1967 | D:3      | Reached * piety under Zin
  2170 | D:4      | Found a staircase to the Ecumenical Temple.
  2181 | D:4      | Reached skill level 4 in Axes
  2208 | Temple   | Entered the Ecumenical Temple
  2272 | Temple   | Fell from the grace of Zin
  2272 | Temple   | Became a worshipper of Elyvilon the Healer
  2338 | D:4      | Reached skill level 1 in Evocations
  2338 | D:4      | Reached XP level 6. HP: 45/47 MP: 6/6
  2436 | D:4      | Reached skill level 1 in Invocations
  2818 | D:4      | Reached skill level 5 in Axes
  2960 | D:5      | Entered Level 5 of the Dungeon
  2985 | D:5      | Reached XP level 7. HP: 29/52 MP: 6/8
  3090 | D:5      | Reached * piety under Elyvilon
  3112 | D:5      | Noticed Robin
  3130 | D:5      | Killed Robin
  3198 | D:5      | Noticed Ijyb
  3202 | D:5      | Paralysed by Ijyb for 4 turns
  3213 | D:5      | Paralysed by Ijyb for 4 turns
  3218 | D:5      | Killed Ijyb
  3322 | D:5      | Reached skill level 6 in Axes
  3440 | D:5      | Reached XP level 8. HP: 13/60 MP: 9/9
  4104 | D:6      | Found a broken altar of Ashenzari.
  4108 | D:6      | Reached ** piety under Elyvilon
  4216 | D:6      | HP: 2/60 [iguana (6)]
  4219 | D:6      | Elyvilon protects you from harm!
  4238 | D:6      | HP: 2/60 [kobold brigand/+0 whip (3)]
  4240 | D:6      | Reached skill level 1 in Throwing
  4527 | D:6      | Reached skill level 7 in Axes
  4841 | D:6      | Found Qawugo's Antique Armour Boutique.
  4889 | D:6      | Reached *** piety under Elyvilon
  4981 | D:6      | Reached XP level 9. HP: 51/65 MP: 11/11
  5125 | D:7      | Found a glowing golden altar of the Shining One.
  5440 | D:7      | Found Useif's Book Shoppe.
  5467 | D:7      | Reached skill level 8 in Axes
  5728 | D:7      | Paralysed by a gnoll for 2 turns
  5782 | D:7      | Reached **** piety under Elyvilon
  5811 | D:7      | Found an ancient bone altar of Kikubaaqudgha.
  6051 | D:8      | Found a bloodstained altar of Trog.
  6085 | D:8      | Found a radiant altar of Vehumet.
  6123 | D:8      | Found a runed translucent gate.
  6123 | D:8      | Found a runed translucent gate.
  6123 | D:8      | Found a runed translucent gate.
  6123 | D:8      | Noticed december12's ghost (novice BaAr)
  6125 | D:8      | Found a basalt altar of Yredelemnul.
  6218 | D:8      | Reached skill level 9 in Axes
  6224 | D:8      | Reached skill level 5 in Dodging
  6229 | D:8      | Reached XP level 10. HP: 37/73 MP: 13/13
  6317 | D:8      | Reached skill level 5 in Armour
  6320 | D:8      | You fall into a shaft and drop 3 floors!
  6366 | D:11     | Noticed a two-headed ogre
  6369 | D:11     | Killed a two-headed ogre
  6416 | D:10     | Entered Level 10 of the Dungeon
  6416 | D:10     | Noticed a two-headed ogre
  6428 | D:10     | Killed a two-headed ogre
  6429 | D:10     | Reached skill level 1 in Stealth
  6429 | D:10     | Reached skill level 5 in Invocations
  6455 | D:10     | Reached skill level 10 in Axes
  6455 | D:10     | Reached skill level 5 in Evocations
  6458 | D:10     | Reached skill level 5 in Shields
  6459 | D:10     | Reached skill level 5 in Fighting
  6606 | D:8      | Found a staircase to the Lair.
  6696 | D:8      | Reached XP level 11. HP: 65/78 MP: 15/15
  6808 | D:8      | Found Boyloci's General Store.
  6855 | D:8      | Bought a potion of haste for 160 gold pieces
  6855 | D:8      | Bought a potion of curing for 48 gold pieces
  6878 | D:8      | Noticed Maurice
  6889 | D:8      | Killed Maurice
  7004 | D:8      | Reached ***** piety under Elyvilon
  7230 | D:8      | Killed december12's ghost
  7314 | D:9      | Found an opulent altar of Gozag.
  7322 | D:9      | Fell from the grace of Elyvilon
  7322 | D:9      | Became a worshipper of Gozag Ym Sagoz the Greedy
  7355 | D:9      | Got Itteyled's Omnibus of Conflict
  7554 | D:9      | Found a shadowy altar of Dithmenos.
  7596 | D:9      | Reached skill level 11 in Axes
  8506 | D:10     | Noticed a boulder beetle
  8527 | D:10     | Killed a boulder beetle
  8528 | D:10     | Found a snail-covered altar of Cheibriados.
  8848 | D:11     | Noticed a soul eater
  9341 | D:12     | Noticed a manticore
  9380 | D:12     | Killed a manticore
  9381 | D:12     | Reached skill level 12 in Axes
  9381 | D:12     | Reached XP level 12. HP: 64/88 MP: 16/16
  9387 | D:12     | Found a staircase to the Orcish Mines.
  9430 | D:12     | Noticed a two-headed ogre
  9447 | D:12     | Killed a two-headed ogre
 10198 | Orc:1    | Entered Level 1 of the Orcish Mines
 10198 | Orc:1    | Noticed Gastronok
 10198 | Orc:1    | Noticed Harold
 10215 | Orc:1    | Noticed Urug
 10217 | Orc:1    | Killed Harold
 10220 | Orc:1    | Killed Gastronok
 10221 | Orc:1    | Reached skill level 13 in Axes
 10441 | Orc:1    | Killed Urug
 10638 | Orc:2    | Entered Level 2 of the Orcish Mines
 10639 | Orc:2    | Found Nopyts's Weapon Shoppe.
 10646 | Orc:2    | Found a staircase to the Elven Halls.
 10679 | Orc:1    | Found Serogic's Jewellery Emporium.
 10759 | Orc:1    | Found Teunlimaum's Assorted Antiques.
 10775 | Orc:1    | Bought a scroll labelled KUENNA EKHLAHE for 28 gold pieces
 10775 | Orc:1    | Bought a jewelled lead wand for 112 gold pieces
 10775 | Orc:1    | Bought a potion of heal wounds for 140 gold pieces
 10803 | Orc:1    | Found a runed translucent door.
 10817 | Orc:1    | Noticed tlatlagkaus's ghost (journeyman CoHu)
 10835 | Orc:1    | Killed tlatlagkaus's ghost
 10951 | Orc:2    | Found Oxapnulo's Assorted Antiques.
 10964 | Orc:2    | Bought a potion of heal wounds for 145 gold pieces
 10964 | Orc:2    | Bought a gluggy clear potion for 26 gold pieces
 11217 | Orc:2    | Found Letywk's Armour Shoppe.
 11238 | Orc:2    | Bought a +0 helmet of see invisible for 161 gold pieces
 11305 | Orc:2    | Reached XP level 13. HP: 84/95 MP: 17/17
 11442 | Orc:2    | Found Jaivu's Magic Scroll Emporium.
 11459 | Orc:2    | Bought a scroll of enchant weapon for 105 gold pieces
 11459 | Orc:2    | Bought a scroll of identify for 28 gold pieces
 11459 | Orc:2    | Bought a scroll of fear for 56 gold pieces
 11459 | Orc:2    | Bought a scroll of acquirement for 728 gold pieces
 11459 | Orc:2    | Acquired 750 gold pieces
 11531 | Orc:2    | Reached skill level 14 in Axes
 11536 | Orc:2    | Found Nyabb's General Store.
 11542 | Orc:2    | Bought a scroll of immolation for 56 gold pieces
 11542 | Orc:2    | Bought a potion of curing for 42 gold pieces
 12040 | Orc:2    | Found Baugua's General Store.
 12040 | Orc:2    | Found Atuxzeat's Distillery.
 12041 | Orc:2    | Found Ficsoosainy's Book Emporium.
 12044 | Orc:2    | Found Turediud's Distillery.
 12728 | Lair:1   | Entered Level 1 of the Lair of Beasts
 13068 | Lair:1   | Noticed Amaemon
 13111 | Lair:1   | Killed Amaemon
 14119 | D:6      | Bought a brightly glowing crystal plate armour for 2040
                  | gold pieces
 14119 | D:6      | Identified the +0 crystal plate armour of Feasting
                  | {*Corrode +Blink Dex+2} (You bought it in a shop on level 6
                  | of the Dungeon)
 14543 | Lair:2   | Reached XP level 14. HP: 103/104 MP: 18/18
 14735 | Lair:2   | Reached skill level 15 in Axes
 14757 | Lair:2   | Found the +4 skin of Zhor {*Englaciate rC+++ SInv}
 14805 | Lair:2   | Identified the +9 quarterstaff of the Establishment {drain,
                  | Int+4}
 15027 | Lair:3   | Found a staircase to the Shoals.
 15276 | Lair:3   | Found a hole to the Spider Nest.
 16758 | Lair:3   | Upgraded the game from 0.32-a0-633-g5379399 to
                  | 0.32-a0-635-g817ac4a
 17395 | Lair:4   | Reached skill level 10 in Evocations
 17590 | Lair:4   | Found a runed translucent door.
 17590 | Lair:4   | Noticed Xaciphiso's ghost (journeyman GrFi)
 17636 | Lair:4   | Killed Xaciphiso's ghost
 17643 | Lair:4   | Identified the +1 pair of gloves of the Moon {Int+4 Stlth+}
 18002 | Lair:5   | Entered Level 5 of the Lair of Beasts
 18013 | Lair:5   | Reached XP level 15. HP: 87/112 MP: 19/19
 18027 | Lair:5   | Reached skill level 16 in Axes
 18171 | Lair:5   | Reached skill level 10 in Shields
 19500 | Orc:2    | Bought a scroll of revelation for 105 gold pieces
 19500 | Orc:2    | Bought a wand of flame (12) for 117 gold pieces
 19519 | Orc:2    | Bought 2 potions of curing for 78 gold pieces
 19519 | Orc:2    | Bought a wand of light (5) for 273 gold pieces
 19520 | Orc:2    | Bought a potion of haste for 140 gold pieces
 19520 | Orc:2    | Bought a potion of haste for 140 gold pieces
 19520 | Orc:2    | Bought 2 potions of curing for 84 gold pieces
 19520 | Orc:2    | Bought a potion of curing for 42 gold pieces
 19520 | Orc:2    | Bought a potion of ambrosia for 112 gold pieces
 19522 | Orc:2    | Bought a potion of mutation for 112 gold pieces
 19522 | Orc:2    | Bought a potion of ambrosia for 112 gold pieces
 19522 | Orc:2    | Bought a potion of might for 56 gold pieces
 19587 | Orc:2    | Bought a scroll of summoning for 133 gold pieces
 19587 | Orc:2    | Bought a scroll of revelation for 105 gold pieces
 19711 | Orc:1    | Bought a wand of paralysis (6) for 403 gold pieces
 20097 | Lair:5   | Found a staircase to the Slime Pits.
 20099 | Lair:5   | Found a viscous altar of Jiyva.
 20390 | Lair:5   | Found a burning altar of Makhleb.
 20456 | Lair:5   | Found a gateway to Hell.
 20931 | D:13     | Identified the staff "Ediavvoh" {rPois Int+3 Dex-3 Stlth+
                  | Earth}
 20932 | D:13     | Found a runed translucent door.
 21184 | D:13     | Found a gate to the Vaults.
 21659 | D:13     | Identified the +0 scale mail of the Raven {Int+5}
 21664 | D:13     | Got the Anthology of the Cucurbite and the Mountains
 22046 | D:14     | Found an iron altar of Okawaru.
 22320 | D:14     | Reached XP level 16. HP: 100/122 MP: 20/20
 22613 | D:14     | Reached skill level 10 in Fighting
 23034 | D:15     | Entered Level 15 of the Dungeon
 23517 | D:15     | Found a staircase to the Depths.
 23697 | D:15     | Reached skill level 17 in Axes
 24117 | D:15     | Upgraded the game from 0.32-a0-635-g817ac4a to
                  | 0.32-a0-638-g83232ee
 24404 | Shoals:1 | Entered Level 1 of the Shoals
 24455 | Shoals:1 | Found a glacial archway.
 24488 | IceCv    | Entered an ice cave
 24895 | IceCv    | Killed from afar by a white draconian

Illustrated notes

Levels and vault maps discovered:
D:1:      onia_arrival_mini_spirals, layout_basic, serial_bayou_pond_e
D:2:      layout_loops_cross
D:3:      layout_basic, mainiacjoe_overflow_tiny_flanked, zin_scriptorium,
          serial_park_tiny_2, corner_web_ring, kennysheep_generic_room_8,
          uniq_jessica
D:4:      layout_basic, minmay_temple_entry_ruins
D:5:      layout_basic, grunt_ministairs_1, nicolae_goblin_pals
D:6:      layout_gridville, cheibrodos_ashenzari_chains, serial_shops,
          nicolae_shop_hallway_plus, minmay_bent
D:7:      layout_gridville, kennysheep_mini, nicolae_overflow_crystal_walls,
          serial_shops, nicolae_shop_behind_doors, patterned_corridor
D:8:      layout_gridville, nicolae_yredelemnul_ghost_church,
          amcnicky_altar_gilded, trog_book, david_lair_shrubbed, serial_shops,
          nicolae_shop_crystal, uniq_maurice
D:9:      lemuel_ice_spiral_2, layout_basic, grunt_gozag_statues,
          mainiacjoe_overflow_alcove_2, st_stairs_9
D:10:     layout_rooms, mainiacjoe_overflow_boulevard
D:11:     layout_basic
D:12:     layout_basic, david_orc_2
D:13:     layout_basic, david_vaults_4, minmay_st_funbox
D:14:     layout_grid_maze, okawaru_ov_weapons_minmay
D:15:     hangedman_depths_entry_civil_slaughter, layout_basic
Temple:   nicolae_temple_bog_church
Lair:1:   layout_long_grid, uniq_amaemon
Lair:2:   layout_chaotic_city, chequers_serial_rivers_micro_d,
          minmay_lindwurm_lava, infiniplex_staircase_pool
Lair:3:   layout_roguey, minmay_shoals_entry_beasts, spider_nest_entry_a,
          nzn_random_ring
Lair:4:   layout_big_grid, ebering_ghost_inner_flame
Lair:5:   evil_forest, layout_loops_ring, nicolae_slime_entry_slimehenge,
          serial_forest, infiniplex_forest_clump_diagonal,
          infiniplex_forest_lined_room_3, infiniplex_forest_straight_5,
          infiniplex_forest_straight_4, infiniplex_forest_end_3,
          infiniplex_forest_lined_ring, infiniplex_forest_clump_tiny,
          infiniplex_forest_end_1, infiniplex_forest_lined_2,
          infiniplex_forest_clump_medium
Shoals:1: layout_shoals, portal_ice_cave_entry_pillars_1
Orc:1:    layout_caves, ebering_ghost_reflecting_pool, serial_shops, shop, shop,
          uniq_urug, uniq_gastronok, uniq_harold
Orc:2:    st_orc_mages, layout_diamond_mine, serial_shops, shop,
          nicolae_shop_bloodbath_and_beyond, shop, shop,
          nicolae_shop_overgrown_old_shop, nicolae_orc_quarried_blocks
IceCv:    ice_cave_small_dragons

Skill      XL: |  1  2  3  4  5  6  7  8  9 10 11 12 13 14 15 16 |
---------------+-------------------------------------------------+-----
Dodging        | 1 2 3 4 5 6 7 8 |  8.4
Axes           | 3 4 5 6 7 9 10 12 13 14 15 16 17 | 17.0
Evocations     | 1 3 4 5 6 7 8 10 11 | 11.8
Invocations    | 1 2 3 4 5 6 |  6.0
Armour         | 4 5 6 7 8 9 |  9.7
Fighting       | 4 5 6 7 8 9 10 | 10.3
Throwing       | 1 2 3 |  3.4
Shields        | 4 5 6 8 9 11 12 | 12.1
Stealth        | 1 2 3 |  3.5

Action                     |  1- 3 |  4- 6 |  7- 9 | 10-12 | 13-15 | 16-18 || total
---------------------------+-------+-------+-------+-------+-------+-------++-------
  Melee: War axe           |    79 |   153 |   267 |   624 |  1208 |   237 ||  2568
         Unarmed           |       |       |       |       |     8 |       ||     8
  Throw: Javelin           |       |       |     7 |     8 |    29 |    12 ||    56
         Dart              |       |       |    13 |     7 |     1 |       ||    21
         Boomerang         |       |       |       |    17 |       |    11 ||    28
         Throwing net      |       |       |       |     1 |       |       ||     1
  Evoke: Wand              |       |     7 |    11 |    22 |    23 |     7 ||    70
         Phial of floods   |       |       |       |       |       |     1 ||     1
    Use: Potion            |       |     5 |     6 |     6 |    20 |     7 ||    44
         Scroll            |       |     5 |     8 |     9 |    15 |     1 ||    38
   Stab: Invisible         |       |     2 |       |       |       |       ||     2
         Paralysed         |       |       |       |    18 |     4 |       ||    22
         Distracted        |       |       |       |     4 |     3 |     1 ||     8
 Armour: Scale mail        |    62 |    67 |       |       |       |       ||   129
         Chain mail        |       |    51 |   254 |   220 |       |       ||   525
         Plate armour      |       |       |       |   121 |   579 |   132 ||   832
         Skin              |       |       |       |       |     2 |       ||     2
         Animal skin       |       |       |       |       |    25 |       ||    25
  Dodge: Dodged            |    39 |    67 |   121 |   142 |   200 |    39 ||   608
  Block: Buckler           |    13 |    37 |    11 |       |       |       ||    61
         Kite shield       |       |       |   147 |   499 |  1016 |   188 ||  1850
         Reflection        |       |       |       |     8 |    45 |     3 ||    56
         Other             |       |       |       |       |     1 |       ||     1

Table legend: (Time is in decaauts)
 A = Elapsed time spent in this place.
 B = Non-inter-level travel time spent in this place.
 C = Inter-level travel time spent in this place.
 D = Time resting spent in this place.
 E = Time spent auto-exploring this place.
 F = Levels seen in this place.
 G = Mean time per level.
                   A        B        C        D        E       F      G
               +--------+--------+--------+--------+--------+-----+--------+
         Total |  24859 |  23147 |   1712 |   2287 |   9319 |  25 |  994.4 |
       Dungeon |  15175 |  14205 |    970 |    395 |   7293 |  15 | 1011.7 |
        Temple |     74 |     74 |      0 |      0 |      0 |   1 |   74.0 |
          Lair |   6969 |   6345 |    624 |   1360 |   1950 |   5 | 1393.8 |
        Shoals |     80 |     80 |      0 |      0 |      0 |   1 |   80.0 |
  Orcish Mines |   2177 |   2060 |    117 |    252 |     76 |   2 | 1088.5 |
      Ice Cave |    382 |    382 |      0 |    280 |      0 |   1 |  382.0 |
               +--------+--------+--------+--------+--------+-----+--------+

Top non-repeatable levels by time:
  Lair:5: 1589 daAuts
  Lair:3: 1555 daAuts
    D:12: 1487 daAuts
     D:8: 1471 daAuts
   Orc:2: 1457 daAuts
  Lair:2: 1368 daAuts
    D:14: 1354 daAuts
     D:9: 1316 daAuts
  Lair:4: 1265 daAuts
     D:6: 1198 daAuts
  Lair:1: 1189 daAuts
    D:13: 1160 daAuts
     D:5: 1093 daAuts
    D:15: 1030 daAuts
     D:7: 953 daAuts
